 Dungeon Crawl Stone Soup version 0.23-a0-586-gacb4b3f (webtiles) character file.

1200 Inarius the Chopper (level 8, -5/64 HPs)
             Began as a Demonspawn Chaos Knight on Dec 19, 2018.
             Was a Plaything of Xom.
             Slain by an ice beast (11 damage)
             ... on level 5 of the Dungeon.
             The game lasted 00:09:21 (5498 turns).

Inarius the Chopper (Demonspawn Chaos Knight)       Turns: 5498, Time: 00:09:22

Health: -5/64      AC: 10    Str: 14    XL:     8   Next: 21%
Magic:  0/8        EV: 12    Int: 14    God:    Xom [*.....]
Gold:   276        SH:  0    Dex: 13    Spells: 7/7 levels left

rFire    . . .     SeeInvis +   a - +1 hand axe (chaos)
rCold    . . .     Gourm    .   (no shield)
rNeg     . . .     Faith    .   b - +2 leather armour
rPois    +         Spirit   +   (helmet unavailable)
rElec    .         Reflect  .   (no cloak)
rCorr    .         Harm     .   u - +0 pair of gloves
MR       +....                  (no boots)
Stlth    +.........             (no amulet)
HPRegen  0.20/turn              p - ring of see invisible
MPRegen  0.11/turn              x - ring of protection from magic

@: no status effects
A: horns 3, slimy green scales 3, magic shield
a: Renounce Religion


You were on level 5 of the Dungeon.
You worshipped Xom.
You were a special plaything of Xom.
You were not hungry.

You visited 1 branch of the dungeon, and saw 6 of its levels.

You collected 360 gold pieces.
You spent 84 gold pieces at shops.

Inventory:

Hand Weapons
 a - a +1 hand axe of chaos (weapon)
 h - a +0 flail of crushing
 t - a +0 war axe
Missiles
 y - a tomahawk of returning (quivered)
Armour
 b - a +2 leather armour (worn)
 u - a +0 pair of gloves (worn)
Jewellery
 g - a +4 ring of intelligence
 p - a ring of see invisible (left hand)
 x - a ring of protection from magic (right hand)
Wands
 f - a wand of flame (13)
 r - a wand of disintegration (9)
 v - a wand of polymorph (9)
Scrolls
 d - 2 scrolls of amnesia {unknown}
 j - a scroll of fog
 l - 2 scrolls of teleportation
 q - 2 scrolls of remove curse
 s - 4 scrolls of identify
Potions
 i - a potion of mutation
 k - a potion of heal wounds {unknown}
 m - 4 potions of curing
 n - 3 potions of might
 o - a potion of ambrosia {unknown}
Comestibles
 c - 11 rations
 w - 3 chunks of flesh


   Skills:
 * Level 6.2 Fighting
 + Level 6.9 Axes
 + Level 0.1 Throwing
 + Level 3.1 Armour
 + Level 2.7 Dodging


You had 7 spell levels left.
You didn't know any spells.
Your spell library was empty.

Dungeon Overview and Level Annotations

Branches:
Dungeon (6/15)             Temple (0/1) D:5

Altars:
Ashenzari
Elyvilon
Gozag
Nemelex Xobeh
Okawaru
Ru
Sif Muna
Beogh

Shops:
D:5 !

Annotations:
D:3 3 runed doors, Lanoc's ghost, amateur HOFi


Innate Abilities, Weirdness & Mutations

You have a pair of large horns on your head.
You are completely covered in slimy green scales. (AC +4, rPois)
When hurt, damage is shared between your health and your magic reserves.


Message History

You climb upwards.
There is a stone staircase leading down here.
You bump into the rock wall.
You feel less confused.
The ice beast hits you but does no damage.
You closely miss the ice beast.
The ice beast is severely wounded.
The ice beast barely misses you.
You closely miss the ice beast. Your headbutt misses the ice beast.
The ice beast is severely wounded.
The ice beast hits you.
* * * LOW HITPOINT WARNING * * *
The ice beast freezes you!
* * * LOW HITPOINT WARNING * * *
You hit the ice beast.
The ice beast seems to speed up.
The ice beast is severely wounded.
The ice beast hits you.
* * * LOW HITPOINT WARNING * * *
The ice beast freezes you!
You die...

#.### #.# #.# #.#
#.# #.# #.# ###
#.#
################..
#.#
#@[...............
#.#
#Y##############..
#.#
#[################
#.#
#.................
#.#
#.################
#.######'##
#.#....[..#
#.........#
###.......#


You could see an ice beast (invisible).

Vanquished Creatures
  Menkaure (D:5)
  An ice beast (D:5)
  A sky beast (D:5)
  2 ogres
  2 howler monkeys
  A centaur zombie (D:5)
  2 jellies (D:4)
  3 orc priests
  3 orc wizards
  A bullfrog skeleton (D:4)
  3 worker ants
  A hound skeleton (D:4)
  4 gnolls (D:2)
  8 adders
  3 shadow imps
  10 oozes
  An adder skeleton (D:2)
  2 worms (D:2)
  A dart slug (D:1)
  A leopard gecko (D:3)
  25 orcs
  4 giant cockroaches (D:3)
  9 goblins
  9 hobgoblins
  4 jackals
  12 kobolds
  3 quokkas
  A ball python (D:2)
  4 bats
  6 frilled lizards
  A leopard gecko skeleton (D:4)
  A leopard gecko zombie (D:5)
  6 rats
136 creatures vanquished.

Vanquished Creatures (others)
  6 toadstools (D:4)
6 creatures vanquished.

Grand Total: 142 creatures vanquished

Notes
Turn   | Place    | Note
-------+----------+-------------------------------------------
     0 | D:1      | Inarius the Demonspawn Chaos Knight began the quest for the
                  | Orb.
     0 | D:1      | Reached XP level 1. HP: 18/18 MP: 1/1
   148 | D:1      | XOM is BORED!
   148 | D:1      | XOM: harmless Tloc miscast
   149 | D:1      | XOM: mild Air miscast
   235 | D:1      | Gained mutation: You are partially covered in slimy green
                  | scales. (AC +2) [demonic ancestry]
   235 | D:1      | Reached XP level 2. HP: 21/24 MP: 2/2
   510 | D:1      | XOM: harmless Tmut miscast
   767 | D:1      | XOM: give mutation
   767 | D:1      | Gained mutation: Scrolls take you a little longer to read.
                  | [Xom's mischief]
   778 | D:1      | Gained mutation: When hurt, damage is shared between your
                  | health and your magic reserves. [demonic ancestry]
   778 | D:1      | Reached XP level 3. HP: 30/30 MP: 3/3
   873 | D:2      | Reached skill level 1 in Dodging
   978 | D:2      | Gained mutation: You are mostly covered in slimy green
                  | scales. (AC +3) [demonic ancestry]
   978 | D:2      | Reached XP level 4. HP: 31/37 MP: 4/4
  1171 | D:2      | XOM: harmless Ice miscast
  1635 | D:2      | XOM: draining
  1712 | D:2      | Gained mutation: You have a pair of small horns on your
                  | head. [demonic ancestry]
  1712 | D:2      | Reached XP level 5. HP: 36/42 MP: 3/5
  1995 | D:2      | Found a shattered altar of Ashenzari.
  2087 | D:3      | XOM: summons 4 hostile shadow creatures
  2088 | D:3      | XOM: swap monsters
  2294 | D:3      | Gained mutation: You have a pair of horns on your head.
                  | [demonic ancestry]
  2294 | D:3      | Reached XP level 6. HP: 6/49 MP: 0/6
  2476 | D:2      | XOM: give mutations
  2476 | D:2      | Gained mutation: You are frail. (-10% HP) [Xom's mischief]
  2476 | D:2      | Lost mutation: You are frail. (-10% HP) [Xom's mischief]
  2476 | D:2      | Lost mutation: Scrolls take you a little longer to read.
                  | [Xom's mischief]
  2865 | D:3      | XOM: stat loss: -1 Str (13/14)
  2927 | D:3      | Found a runed gate.
  3128 | D:3      | Found a runed gate.
  3128 | D:3      | Identified the +1 chain mail "Umull" {rElec rN+ Str+4}
  3128 | D:3      | Noticed Lanoc's ghost (amateur HOFi)
  3129 | D:3      | Found a runed gate.
  3139 | D:3      | Found a roughly hewn altar of Beogh.
  3476 | D:4      | Reached skill level 5 in Axes
  3590 | D:4      | Found a sacrificial altar of Ru.
  3591 | D:4      | Found a white marble altar of Elyvilon.
  3591 | D:4      | Found an iron altar of Okawaru.
  3591 | D:4      | Found an opulent altar of Gozag.
  3596 | D:4      | Found a shattered altar of Ashenzari.
  3651 | D:4      | Reached skill level 5 in Fighting
  3711 | D:4      | Gained mutation: You have a pair of large horns on your
                  | head. [demonic ancestry]
  3711 | D:4      | Reached XP level 7. HP: 56/56 MP: 7/7
  4133 | D:4      | XOM: harmless Hex miscast
  4266 | D:5      | Entered Level 5 of the Dungeon
  4391 | D:5      | XOM: harmless Pois miscast
  4440 | D:5      | Found a deep blue altar of Sif Muna.
  4464 | D:5      | Noticed Menkaure
  4470 | D:5      | XOM: summons 1 hostile shadow creature
  4491 | D:5      | Killed Menkaure
  4679 | D:5      | Found Totiqix's Distillery.
  4703 | D:5      | Bought a potion of curing for 36 gold pieces
  4703 | D:5      | Bought a potion of might for 48 gold pieces
  4759 | D:5      | Found a sparkling altar of Nemelex Xobeh.
  4763 | D:5      | XOM: summons 3 hostile demons
  5175 | D:5      | Gained mutation: You are completely covered in slimy green
                  | scales. (AC +4, rPois) [demonic ancestry]
  5175 | D:5      | Reached XP level 8. HP: 64/64 MP: 8/8
  5184 | D:5      | Found a staircase to the Ecumenical Temple.
  5276 | D:5      | Noticed Edmund
  5281 | D:5      | Noticed Edmund
  5281 | D:5      | Edmund changed into Edmund the sky beast
  5281 | D:5      | XOM: polymorph Edmund -> Edmund the sky beast
  5293 | D:5      | Killed Edmund the sky beast
  5485 | D:6      | XOM: destruction
  5489 | D:6      | XOM: chaos upgrade
  5498 | D:5      | Slain by an ice beast

Vault maps used:
D:1:      dpeg_arrival_rooms_a
D:2:      lemuel_upstairs_altar
D:3:      biasface_ghost_orc_armoury
D:4:      cheibrodos_fertilizer, minitemple
D:5:      minmay_temple_entry_nine_rooms, serial_shops, shop_coins, basic_altar,
          first_ration, nemelex_xobeh_ov_fountains_minmay, uniq_edmund,
          uniq_menkaure
D:6:      nicolae_ossuary_entry_catacombs

Skill      XL: |  1  2  3  4  5  6  7 |
---------------+----------------------+-----
Axes           | 3 4 5 6 |  6.9
Armour         | 2 3 |  3.1
Dodging        | 1 2 |  2.7
Fighting       | 4 5 6 |  6.2
Throwing       | |  0.1

Action                   |  1- 3 |  4- 6 |  7- 9 || total
-------------------------+-------+-------+-------++-------
Melee: Hand axe          |    77 |   220 |   170 ||   467
       Headbutt          |       |    17 |    34 ||    51
Throw: Tomahawk          |       |       |     2 ||     2
Evoke: Wand              |       |       |     1 ||     1
  Use: Scroll            |     7 |     2 |     1 ||    10
       Potion            |       |     1 |       ||     1
 Stab: Sleeping          |     2 |       |       ||     2
       Paralysed         |       |     2 |     1 ||     3
       Petrified         |       |     1 |       ||     1
       Confused          |       |     1 |     3 ||     4
  Eat: Chunk             |       |     9 |     3 ||    12
       Ration            |       |       |     1 ||     1
Armor: Leather armour    |    40 |    84 |    44 ||   168
Dodge: Dodged            |    35 |   112 |    79 ||   226

Table legend:
 A = Non-vault XP
 B = Vault XP
 C = Vault XP percentage of total XP
 D = Non-vault monster count
 E = Vault monster count
 F = Vault count percentage of total count
                 A         B        C        D         E       F
            +---------+---------+-------+---------+---------+-------
      Total |    1283 |     432 |  25.2 |     116 |      20 |  14.7
            +---------+---------+-------+---------+---------+-------
        D:1 |      45 |       0 |   0.0 |      20 |       0 |   0.0
        D:2 |     186 |       0 |   0.0 |      26 |       0 |   0.0
        D:3 |     197 |       0 |   0.0 |      31 |       0 |   0.0
        D:4 |     361 |     151 |  29.5 |      18 |      18 |  50.0
        D:5 |     488 |     281 |  36.5 |      20 |       2 |   9.1
        D:6 |       6 |       0 |   0.0 |       1 |       0 |   0.0
            +---------+---------+-------+---------+---------+-------
